 Dungeon Crawl Stone Soup version 0.22-a0-161-g198051c (webtiles) character file.

12562 wolfsongas the Grappler (level 11, 0/81 HPs)
             Began as an Octopode Fighter on Feb 10, 2018.
             Was a High Priest of Okawaru.
             Slain by a hippogriff (10 damage)
             ... on level 10 of the Dungeon.
             The game lasted 00:22:04 (11546 turns).

wolfsongas the Grappler (Octopode Fighter)         Turns: 11546, Time: 00:22:04

Health: 0/81       AC:  1    Str: 21    XL:     11   Next: 95%
Magic:  18/18      EV: 19    Int: 11    God:    Okawaru [*****.]
Gold:   550        SH: 17    Dex: 24    Spells: 20/20 levels left

rFire    . . .     SeeInvis .     - Unarmed
rCold    . . .     Gourm    .   a - +5 shield
rNeg     . . .     Faith    .   (helmet restricted)
rPois    +         Spirit   .   (no amulet)
rElec    .         Reflect  .   i - +5 ring of dexterity
rCorr    .         Harm     .   d - ring of wizardry
MR       .....                  o - ring of poison resistance
Stlth    ++++......             (no ring)
HPRegen  0.23/turn              (no ring)
MPRegen  0.16/turn              (no ring)
                                (no ring)
                                (no ring)

@: mighty, agile, marked
A: almost no armour, stealthy swim, amphibious, 8 rings, constrict 8, camouflage
1, gelatinous body 1
a: Heroism, Finesse, Renounce Religion


You were on level 10 of the Dungeon.
You worshipped Okawaru.
Okawaru was extremely pleased with you.
You were not hungry.

You visited 2 branches of the dungeon, and saw 11 of its levels.

You collected 550 gold pieces.

Inventory:

Armour
 a - a +5 shield (worn)
Jewellery
 d - a ring of wizardry (right tentacle)
 i - a +5 ring of dexterity (left tentacle)
 o - a ring of poison resistance (on tentacle)
Wands
 h - a wand of flame (15)
 j - a wand of digging (19)
Scrolls
 k - 6 scrolls of teleportation
 l - 5 scrolls of enchant weapon
 n - 3 scrolls of remove curse
 r - a scroll of amnesia
 s - 2 scrolls of enchant armour
 w - a scroll of magic mapping
Potions
 e - 6 potions of curing
 f - a potion of cancellation
 g - 2 potions of brilliance
 q - a potion of flight
Comestibles
 c - 13 rations


   Skills:
 + Level 10.0 Fighting
 - Level 3.0 Dodging
 - Level 0.4 Stealth
 - Level 7.2 Shields
 * Level 13.3 Unarmed Combat
 + Level 5.2 Spellcasting


You had 20 spell levels left.
You didn't know any spells.

Dungeon Overview and Level Annotations

Branches:
Dungeon (10/15)            Temple (1/1) D:6            Lair (0/6) D:10
    Orc: D:9-12

Altars:
Ashenzari
Cheibriados
Dithmenos
Elyvilon
Fedhas
Gozag
Hepliaklqana
Kikubaaqudgha
Makhleb
Nemelex Xobeh
Okawaru
Qazlal
Ru
Sif Muna
Trog
Uskayaw
Vehumet
Wu Jian
Xom
Yredelemnul
Zin
The Shining One

Shops:
D:5 *

Annotations:
D:5 exclusion: oklob plant


Innate Abilities, Weirdness & Mutations

You cannot wear most types of armour.
You are very stealthy in the water. (Stealth+)
You are amphibious.
You can wear up to eight rings at the same time.
You can use your tentacles to constrict eight enemies at once.
Your skin changes colour to match your surroundings (Stealth+).
Your rubbery body absorbs attacks. (AC +1, EV +1)


Message History

The two-headed ogre completely misses you.
Something hits you!
* * * LOW HITPOINT WARNING * * *
You tentacle-slap the two-headed ogre.
Your squeeze misses the two-headed ogre.
The two-headed ogre is severely wounded.
The wyvern bites you.
* * * LOW HITPOINT WARNING * * *
You bludgeon the two-headed ogre! You squeeze the two-headed ogre.
The two-headed ogre is almost dead.
You block something's attack. You block the wyvern's attack.
The two-headed ogre misses you. The two-headed ogre barely misses you.
You bludgeon the two-headed ogre!
You kill the two-headed ogre!
Okawaru is honoured by your kill. Something appears before you!
Okawaru grants you armour!
Your Fighting skill increases to level 10!
The wyvern misses you. You block something's attack. The hippogriff bites you!
You die...

#.......^ #####...#
############.....
#................ #
#.##########..... #.
#.# ##...# #O##5#
#####
#l#>############.##
#@...........^.<..
#)#H##########.#.##
#{##.# #.#.#
..o##.#### #)#.##
.####.....#######)#...
#
#....###../)).)..####
#.##.# #.######..# # #
#.###.# #..# # #.....#
#..####


You could see a hippogriff, a wyvern, an ogre, a shadow imp and an orc.

Vanquished Creatures
  Erica (D:10)
  A centaur warrior (D:10)
  3 two-headed ogres
  The ghost of Truegreen the Skirmisher, a novice DrWn of Okawaru (D:8)
  Pikel (D:5)
  The ghost of oldriver the Cudgeler, a novice GrFi (D:5)
  Maurice (D:9)
  A komodo dragon (D:10)
  A troll (D:10)
  Grinder (D:6)
  A hippogriff (D:8)
  Sigmund (D:5)
  A wraith (D:7)
  A wyvern (D:9)
  A yak (D:7)
  A human (D:7)
  3 hogs (D:7)
  The ghost of Calypsia the Chiller, an amateur BaIE (D:4)
  2 hell hounds (D:10)
  Duvessa (D:6)
  2 orc warriors
  5 black bears
  2 sky beasts
  2 slaves (D:5)
  6 ogres
  3 phantoms
  2 ice beasts
  4 centaurs
  A big kobold (D:9)
  7 bullfrogs
  A gnoll sergeant (D:9)
  An elf skeleton (D:7)
  4 scorpions
  Dowan (D:6)
  6 killer bees (D:8)
  10 wights
  7 crimson imps
  2 bullfrog zombies
  4 human zombies (D:7)
  6 hounds
  6 orc priests
  3 bullfrog skeletons
  2 jellies
  8 orc wizards
  Jessica (D:9)
  3 iguanas
  5 worker ants
  A human skeleton (D:7)
  2 mummies (D:7)
  A howler monkey zombie (D:8)
  A howler monkey skeleton (D:8)
  11 adders
  5 gnolls (D:9)
  2 oozes
  An adder skeleton (D:9)
  An adder zombie (D:9)
  2 worms (D:2)
  6 dart slugs
  4 leopard geckos
  39 orcs
  A ball python (D:5)
  6 giant cockroaches
  11 goblins
  6 hobgoblins
  8 jackals
  5 quokkas
  8 bats
  7 frilled lizards
  16 kobolds
  A leopard gecko zombie (D:7)
  4 rats
278 creatures vanquished.

Vanquished Creatures (others)
  A slave (D:6)
  An ogre (D:6)
  A shadow imp (D:6)
3 creatures vanquished.

Grand Total: 281 creatures vanquished

Notes
Turn   | Place    | Note
-------+----------+-------------------------------------------
     0 | D:1      | wolfsongas the Octopode Fighter began the quest for the Orb.
     0 | D:1      | Reached XP level 1. HP: 16/16 MP: 1/1
    57 | D:1      | Reached XP level 2. HP: 20/21 MP: 2/2
   177 | D:1      | Reached skill level 3 in Unarmed Combat
   177 | D:1      | Reached XP level 3. HP: 21/26 MP: 3/3
  1202 | D:2      | Reached XP level 4. HP: 25/32 MP: 4/4
  1392 | D:2      | Reached skill level 4 in Unarmed Combat
  1575 | D:2      | Found a bloodstained altar of Trog.
  1840 | D:2      | Reached XP level 5. HP: 30/37 MP: 5/5
  1967 | D:3      | Found a basalt altar of Yredelemnul.
  1968 | D:3      | Found a shattered altar of Ashenzari.
  2659 | D:4      | Reached skill level 5 in Unarmed Combat
  2659 | D:4      | Reached XP level 6. HP: 38/44 MP: 6/6
  2800 | D:4      | Noticed Calypsia's ghost (amateur BaIE)
  2816 | D:4      | Killed Calypsia's ghost
  2818 | D:4      | Reached skill level 6 in Unarmed Combat
  2818 | D:4      | Reached XP level 7. HP: 24/49 MP: 7/7
  2820 | D:4      | Reached skill level 5 in Fighting
  2821 | D:4      | HP: 1/50 [orc priest/divine providence (14)]
  2824 | D:5      | Entered Level 5 of the Dungeon
  2824 | D:5      | Found an opulent altar of Gozag.
  3225 | D:5      | Found Gozag's Platinum Reserve.
  3284 | D:4      | Found a white marble altar of Elyvilon.
  3992 | D:5      | Noticed oldriver's ghost (novice GrFi)
  4371 | D:5      | Killed oldriver's ghost
  4371 | D:5      | Reached skill level 7 in Unarmed Combat
  4371 | D:5      | Reached XP level 8. HP: 23/57 MP: 8/8
  5110 | D:5      | Noticed Sigmund
  5117 | D:5      | Killed Sigmund
  5117 | D:5      | Reached skill level 5 in Shields
  5117 | D:5      | Reached skill level 8 in Unarmed Combat
  5192 | D:5      | Found a blossoming altar of Fedhas.
  5220 | D:5      | Noticed an oklob plant
  5863 | D:5      | Reached XP level 9. HP: 55/63 MP: 9/9
  6205 | D:6      | Noticed Grinder
  6207 | D:6      | Noticed Pikel
  6574 | D:5      | Killed Pikel
  6574 | D:5      | Reached skill level 9 in Unarmed Combat
  6725 | D:6      | Found a blossoming altar of Fedhas.
  6993 | D:6      | Noticed Dowan
  6996 | D:6      | Noticed Duvessa
  7000 | D:6      | Killed Dowan
  7009 | D:6      | Killed Duvessa
  7237 | D:6      | Found a staircase to the Ecumenical Temple.
  7294 | Temple   | Entered the Ecumenical Temple
  7401 | Temple   | Became a worshipper of Warmaster Okawaru
  7513 | D:6      | Killed Grinder
  7513 | D:6      | Reached skill level 10 in Unarmed Combat
  8031 | D:6      | Got an ancient robe
  8099 | D:7      | Reached XP level 10. HP: 72/72 MP: 10/10
  8182 | D:7      | Reached * piety under Okawaru
  8749 | D:7      | Reached ** piety under Okawaru
  8755 | D:7      | Identified the +2 robe of Inquiry {rPois rN+ Str+8 Int-4} (You found it on level 6 of the Dungeon)
  8774 | D:7      | Reached skill level 11 in Unarmed Combat
  8774 | D:7      | Reached skill level 1 in Spellcasting
  8920 | D:7      | Noticed a four-headed hydra
  9448 | D:7      | Found an ancient bone altar of Kikubaaqudgha.
  9635 | D:8      | Found a shadowy altar of Dithmenos.
  9923 | D:8      | Found a shimmering altar of Xom.
 10010 | D:8      | Noticed Truegreen's ghost (novice DrWn)
 10024 | D:8      | Killed Truegreen's ghost
 10024 | D:8      | Reached *** piety under Okawaru
 10024 | D:8      | Reached XP level 11. HP: 61/78 MP: 13/15
 10182 | D:8      | Found a basalt altar of Yredelemnul.
 10336 | D:9      | Noticed a two-headed ogre
 10337 | D:9      | Noticed Maurice
 10351 | D:9      | Found a glowing golden altar of the Shining One.
 10362 | D:9      | Killed a two-headed ogre
 10362 | D:9      | Reached skill level 12 in Unarmed Combat
 10456 | D:9      | Killed Maurice
 10490 | D:9      | Found a stormy altar of Qazlal.
 10541 | D:9      | Found a bloodstained altar of Trog.
 10581 | D:9      | Found an ornate altar of the Wu Jian Council.
 10842 | D:9      | Noticed a two-headed ogre
 10850 | D:9      | Killed a two-headed ogre
 10850 | D:9      | Reached **** piety under Okawaru
 10924 | D:9      | Found a sparkling altar of Nemelex Xobeh.
 10975 | D:9      | Noticed Jessica
 10982 | D:9      | Found a deep blue altar of Sif Muna.
 10984 | D:9      | Killed Jessica
 11259 | D:10     | Entered Level 10 of the Dungeon
 11370 | D:10     | Found a staircase to the Lair.
 11374 | D:10     | Noticed Erica
 11383 | D:10     | Killed Erica
 11383 | D:10     | Reached ***** piety under Okawaru
 11518 | D:10     | Noticed a centaur warrior
 11525 | D:10     | Noticed a two-headed ogre
 11527 | D:10     | Killed a centaur warrior
 11527 | D:10     | Reached skill level 13 in Unarmed Combat
 11529 | D:10     | Noticed an ogre mage
 11532 | D:10     | Reached skill level 5 in Spellcasting
 11546 | D:10     | Killed a two-headed ogre
 11546 | D:10     | Received a gift from Okawaru
 11546 | D:10     | Reached skill level 10 in Fighting
 11546 | D:10     | Slain by a hippogriff

Vault maps used:
D:1:      lightli_arrival_flooded_house
D:2:      first_ration, trog_hazing_becter
D:3:      gammafunk_temple_overflow_pools
D:4:      lemuel_doored_altar
D:5:      nicolae_gozag_zags_fifth_avenue, tgw_fedhas, minmay_tree_intersection,
          uniq_sigmund
D:6:      minmay_temple_entry_overgrown, basic_altar, uniq_grinder, uniq_pikel,
          uniq_duvessa
D:7:      grunt_livestock, lemuel_mausoleum_altar_kikubaaqudgha
D:8:      grunt_dithmenos_smoke, kennysheep_little_box,
          yredelemnul_altar_generic
D:9:      lemuel_coloured_pillars_altar, tgw_sif, trog_ov_bears_minmay,
          tso_metal_star, lemuel_crystal_altar, nicolae_qazlal_eye_of_the_storm,
          uniq_maurice
D:10:     minmay_lair_entry_lava, enter_trove_3, minmay_diamond_spiral,
          uniq_erica
Temple:   dpeg_three_leaves_temple

Skill      XL: |  1  2  3  4  5  6  7  8  9 10 11 |
---------------+----------------------------------+-----
Unarmed Combat | 3 4 5 6 7 8 10 11 13 | 13.3
Fighting       | 4 5 6 7 8 10 | 10.0
Shields        | 4 5 6 7 |  7.2
Spellcasting   | 3 5 |  5.2
Dodging        | |  3.0
Stealth        | |  0.4

Action                   |  1- 3 |  4- 6 |  7- 9 | 10-12 || total
-------------------------+-------+-------+-------+-------++-------
Melee: Unarmed           |    74 |   111 |   247 |   306 ||   738
       Tentacles         |    17 |    25 |    68 |    88 ||   198
       Constrict         |    21 |    27 |    51 |    66 ||   165
       Punch             |       |     6 |    10 |    37 ||    53
Invok: Heroism           |       |       |       |    19 ||    19
  Use: Scroll            |     2 |    10 |     8 |     5 ||    25
       Potion            |     2 |     3 |     4 |     2 ||    11
 Stab: Distracted        |     1 |     1 |     2 |     1 ||     5
       Sleeping          |     5 |     9 |     3 |    15 ||    32
  Eat: Ration            |     1 |       |     5 |     3 ||     9
       Chunk             |       |     3 |     2 |       ||     5
Armor: Skin              |     5 |     6 |     2 |     1 ||    14
Dodge: Dodged            |    31 |    38 |    51 |    98 ||   218
Block: Shield            |    32 |    67 |   124 |   207 ||   430

Table legend:
 A = Spawn XP
 B = Non-spawn XP
 C = Spawn XP percentage of total XP
 D = Spawn monster count
 E = Non-spawn monster count
 F = Spawn count percentage of total count
 G = Total turns spent on level
                    A         B        C        D         E        F      G
               +---------+---------+-------+---------+---------+-------+---------
         Total |       0 |   17946 |   0.0 |       0 |     276 |   0.0 | 11546
               +---------+---------+-------+---------+---------+-------+---------
           D:1 |       0 |      81 |   0.0 |       0 |      33 |   0.0 |  1161
           D:2 |       0 |      86 |   0.0 |       0 |      28 |   0.0 |   781
           D:3 |       0 |      68 |   0.0 |       0 |      11 |   0.0 |   651
           D:4 |       0 |     823 |   0.0 |       0 |      31 |   0.0 |  1438
           D:5 |       0 |    2162 |   0.0 |       0 |      29 |   0.0 |  2579
           D:6 |       0 |    1254 |   0.0 |       0 |      17 |   0.0 |  1328
           D:7 |       0 |    2991 |   0.0 |       0 |      42 |   0.0 |  1488
           D:8 |       0 |    2015 |   0.0 |       0 |      23 |   0.0 |   760
           D:9 |       0 |    4102 |   0.0 |       0 |      40 |   0.0 |   950
          D:10 |       0 |    4364 |   0.0 |       0 |      22 |   0.0 |   287
               +---------+---------+-------+---------+---------+-------+---------
